 Dungeon Crawl Stone Soup version 0.29-a0-802-g34511f41fd (webtiles) character file.

Game seed: 9882822155459777343

413 dolemite99 the Stinger (level 6, -1/44 HPs)
             Began as a Gnoll Venom Mage on July 3, 2022.
             Was a Believer of Zin.
             Slain by an ogre
             ... wielding a +0 giant spiked club
              (11 damage)
             ... on level 5 of the Dungeon.
             The game lasted 00:09:22 (8471 turns).

dolemite99 the Stinger (Gnoll Venom Mage)           Turns: 8471, Time: 00:09:22

Health: -1/44      AC:  4    Str:  7    XL:     6   Next: 90%
Magic:  5/14       EV: 13    Int: 17    God:    Zin [**....]
Gold:   15         SH:  0    Dex: 12    Spells: 6/16 levels left

rFire   . . .      SeeInvis .   a - +0 sling
rCold   . . .      Faith    .   (no shield)
rNeg    . . .      Spirit   .   f - +1 robe
rPois   .          Reflect  .   (no helmet)
rElec   .          Harm     .   (no cloak)
rCorr   .          Rampage  .   q - +0 pair of gloves
Will    .....                   (no boots)
Stlth   +++.......              (no amulet)
HPRegen 0.14/turn               (no ring)
MPRegen 0.14/turn               (no ring)

@: no status effects
A: fangs 1, strong nose, distributed training
a: Renounce Religion, Recite, Vitalisation, Donate Gold


You were on level 5 of the Dungeon.
You worshipped Zin.
Zin was pleased with you.
You visited 1 branch of the dungeon, and saw 5 of its levels.

You collected 172 gold pieces.
You spent 140 gold pieces at shops.
You donated 17 gold pieces to Zin.

Inventory:

Hand Weapons
 a - a +0 sling (weapon)
 e - a +0 dagger
 g - a +0 scimitar
 o - a +0 broad axe
 p - a +0 short sword
 B - a +0 scimitar
 C - a +0 whip
Missiles
 l - 9 stones
 m - 10 poisoned darts
Armour
 f - a +1 robe (worn)
 q - a +0 pair of gloves (worn)
 A - a +1 scale mail of fire resistance
 E - a +0 buckler
Magical Staves
 s - a staff of poison
Jewellery
 i - a +6 ring of dexterity
 v - the amulet of Lugonu's Whim {Spirit Stlth+}
   (You bought it in a shop on level 2 of the Dungeon)

   [amulet of guardian spirit]

   It causes incoming damage to be divided between your reserves of health and
   magic.
   Stlth:     It makes you more stealthy.
 z - a ring of poison resistance
Wands
 w - a wand of paralysis (7)
 D - a wand of flame (16)
Scrolls
 j - 2 scrolls of immolation
 r - 2 scrolls of summoning {unknown}
 t - a scroll of noise {unknown}
 y - a scroll of teleportation {unknown}
Potions
 b - 3 potions of magic
 c - a potion of ambrosia {unknown}
 d - 2 potions of brilliance {unknown}
 h - 2 potions of attraction {unknown}
 k - 3 potions of curing {unknown}
 n - a potion of haste
 u - 2 potions of resistance {unknown}
 x - a potion of mutation {unknown}


   Skills:
 + Level 2.2 Fighting
 + Level 2.2 Short Blades
 + Level 2.2 Long Blades
 + Level 2.2 Axes
 + Level 2.2 Maces & Flails
 + Level 2.2 Polearms
 + Level 2.2 Staves
 + Level 2.2 Ranged Weapons
 + Level 2.2 Throwing
 + Level 2.2 Armour
 + Level 5.1 Dodging
 + Level 4.7 Stealth
 + Level 2.2 Shields
 + Level 2.2 Unarmed Combat
 + Level 5.5 Spellcasting
 + Level 1.8 Conjurations
 + Level 1.8 Hexes
 + Level 1.8 Summonings
 + Level 1.8 Necromancy
 + Level 1.8 Translocations
 + Level 2.8 Transmutations
 + Level 1.8 Fire Magic
 + Level 1.8 Ice Magic
 + Level 1.8 Air Magic
 + Level 1.8 Earth Magic
 + Level 5.7 Poison Magic
 + Level 2.5 Invocations
 + Level 2.2 Evocations


You had 6 spell levels left.
You knew the following spells:

 Your Spells              Type           Power      Damage    Failure   Level
a - Poisonous Vapours     Pois/Air       34%        N/A       4%          2
b - Sting                 Tmut/Pois      76%        1d6       2%          1
c - Mephitic Cloud        Conj/Pois/Air  15%        N/A       11%         3
d - Olgreb's Toxic Radia  Pois           24%        N/A       13%         4

Your spell library contained the following spells:

 Spells                   Type           Power      Damage    Failure   Level


Dungeon Overview and Level Annotations

Branches:
Dungeon (5/15)
 Temple: D:4-7

Altars:
Elyvilon
Qazlal
Yredelemnul
Zin
The Shining One

Shops:
D:1 (   D:2 [[*::   D:4 *

Annotations:
D:3 1 runed translucent door, 2 transporters
D:4 exclusion: downstairs


Innate Abilities, Weirdness & Mutations

You have very sharp teeth.
Your uncanny sense of smell can sniff out nearby items.
Your experience applies equally to all skills.


Message History

Poisonous vapours surround the ogre!
The ogre is poisoned.
The ogre shouts!
Casting: Poisonous Vapours (safe; 4% risk of failure)
Confirm with . or Enter, or press ? or * to list all spells.
Aiming: Poisonous Vapours (safe; 4% risk of failure)
Press: ? - help, Dir - move target, f/p - ogre
Aim: an ogre, wielding a +0 giant spiked club (lightly wounded, very poisoned) Poisonous vapours surround the ogre!
The ogre looks even sicker.
Casting: Poisonous Vapours (safe; 4% risk of failure)
Confirm with . or Enter, or press ? or * to list all spells.
Aiming: Poisonous Vapours (safe; 4% risk of failure)
Press: ? - help, Dir - move target, f/p - ogre
Aim: an ogre, wielding a +0 giant spiked club (moderately wounded, very poisoned) Poisonous vapours surround the ogre!
The ogre looks as sick as possible!
Casting: Poisonous Vapours (safe; 4% risk of failure)
Confirm with . or Enter, or press ? or * to list all spells.
Aiming: Sting (safe; 2% risk of failure)
Press: ? - help, Shift-Dir - straight line, f/p - ogre
Aim: an ogre, wielding a +0 giant spiked club (moderately wounded, extremely poisoned, 88% to hit)
The sting misses the ogre.
Casting: Sting (safe; 2% risk of failure)
Confirm with . or Enter, or press ? or * to list all spells.
Aiming: Sting (safe; 2% risk of failure)
Press: ? - help, Shift-Dir - straight line, f/p - ogre
Aim: an ogre, wielding a +0 giant spiked club (heavily wounded, extremely poisoned, 88% to hit)
The sting hits the ogre.
The ogre looks as sick as possible!
The ogre is heavily wounded.
The ogre hits you with a +0 giant spiked club!!
Ouch! That really hurt!
* * * LOW HITPOINT WARNING * * *
Casting: Sting (safe; 2% risk of failure)
Confirm with . or Enter, or press ? or * to list all spells.
Aiming: Sting (safe; 2% risk of failure)
Press: ? - help, Shift-Dir - straight line, f/p - ogre
Aim: an ogre, wielding a +0 giant spiked club (severely wounded, extremely poisoned, 88% to hit)
The sting hits the ogre.
The ogre looks as sick as possible!
The ogre is almost dead.
The ogre attacks as you move away!
The ogre hits you with a +0 giant spiked club!
You die...

#. .## #.# ...## ###.# .
#...##...# .#### #.....?.#
####..... #.......#
###........ ##.......##
####..........
.#.........###.............
.....).<.O@##.........^....
......###..................
...........................
....................[.<....
......................)....
.. ...................)....
. ........................
........##..............
.....## ####...........


You could see an ogre (extremely poisoned).

Vanquished Creatures
  A gnoll sergeant (D:5)
  2 hounds (D:4)
  An orc priest (D:4)
  2 iguanas (D:4)
  An orc wizard (D:3)
  7 gnolls
  3 adders
  2 worms
  A dart slug (D:3)
  10 orcs
  10 ball pythons
  3 bats
  4 endoplasms
  A giant cockroach (D:1)
  7 goblins
  4 hobgoblins
  7 jackals
  A quokka (D:1)
  3 frilled lizards
  3 kobolds
  A kobold skeleton (D:3)
  7 rats
81 creatures vanquished.

Notes
Turn   | Place    | Note
-------+----------+-------------------------------------------
     0 | D:1      | dolemite99 the Gnoll Venom Mage began the quest for the
                  | Orb.
     0 | D:1      | Reached XP level 1. HP: 13/13 MP: 6/6
   131 | D:1      | Found a faded altar of an unknown god.
   132 | D:1      | Found Fuaky's Weapon Boutique.
   327 | D:1      | Reached XP level 2. HP: 19/19 MP: 5/7
   818 | D:1      | Prayed at the altar of an unknown god.
   818 | D:1      | Became a worshipper of Zin the Law-Giver
   818 | D:1      | Reached * piety under Zin
   860 | D:2      | Reached skill level 5 in Spellcasting
   860 | D:2      | Reached XP level 3. HP: 9/25 MP: 0/9
  1496 | D:2      | Found Daetzoug's Book Emporium.
  1747 | D:2      | Learned a level 2 spell: Poisonous Vapours
  1751 | D:2      | Learned a level 3 spell: Mephitic Cloud
  2016 | D:2      | Reached skill level 1 in Invocations
  2086 | D:2      | Found Wotilu Bila's Antique Armour Boutique.
  2094 | D:2      | Found Roep Muo's Antique Armour Shop.
  2347 | D:2      | Reached skill level 1 in Fighting
  2347 | D:2      | Reached skill level 1 in Short Blades
  2347 | D:2      | Reached skill level 1 in Long Blades
  2347 | D:2      | Reached skill level 1 in Axes
  2347 | D:2      | Reached skill level 1 in Maces & Flails
  2347 | D:2      | Reached skill level 1 in Polearms
  2347 | D:2      | Reached skill level 1 in Staves
  2347 | D:2      | Reached skill level 1 in Ranged Weapons
  2347 | D:2      | Reached skill level 1 in Throwing
  2347 | D:2      | Reached skill level 1 in Armour
  2347 | D:2      | Reached skill level 1 in Shields
  2347 | D:2      | Reached skill level 1 in Unarmed Combat
  2347 | D:2      | Reached skill level 1 in Evocations
  2611 | D:2      | Found Kuxayn's Assorted Antiques.
  2819 | D:2      | Bought a scroll labelled VOZ GEGHONIVVI for 18 gold pieces
  2958 | D:2      | Bought 2 bubbling inky potions for 32 gold pieces
  3027 | D:2      | Found Mumnuus's Book Shop.
  3214 | D:3      | Reached ** piety under Zin
  3286 | D:3      | Found a stormy altar of Qazlal.
  3296 | D:3      | Noticed a human
  3297 | D:3      | Found a runed translucent door.
  3301 | D:3      | Found a basalt altar of Yredelemnul.
  3323 | D:3      | Reached XP level 4. HP: 32/32 MP: 11/11
  3711 | D:3      | Reached skill level 1 in Conjurations
  3711 | D:3      | Reached skill level 1 in Hexes
  3711 | D:3      | Reached skill level 1 in Summonings
  3711 | D:3      | Reached skill level 1 in Necromancy
  3711 | D:3      | Reached skill level 1 in Translocations
  3711 | D:3      | Reached skill level 1 in Fire Magic
  3711 | D:3      | Reached skill level 1 in Ice Magic
  3711 | D:3      | Reached skill level 1 in Air Magic
  3711 | D:3      | Reached skill level 1 in Earth Magic
  3841 | D:3      | Found a transporter.
  3843 | D:3      | Found a transporter.
  4293 | D:4      | Reached XP level 5. HP: 32/37 MP: 5/12
  4499 | D:4      | HP: 1/37 [iguana (5)]
  4515 | D:5      | Entered Level 5 of the Dungeon
  6054 | D:4      | Reached *** piety under Zin
  6061 | D:4      | Found Tadghureps's Overcharged Wands.
  6139 | D:2      | Bought a scintillating graven amulet for 90 gold pieces
  6139 | D:2      | Identified the amulet of Lugonu's Whim {Spirit Stlth+} (You
                  | bought it in a shop on level 2 of the Dungeon)
  6201 | D:4      | Learned a level 4 spell: Olgreb's Toxic Radiance
  6421 | D:4      | Found a glowing golden altar of the Shining One.
  6424 | D:4      | Found a white marble altar of Elyvilon.
  6438 | D:4      | Found a glowing silver altar of Zin.
  6473 | D:4      | Reached XP level 6. HP: 30/44 MP: 14/14
  6866 | D:5      | Reached skill level 5 in Dodging
  8471 | D:5      | Slain by an ogre

Illustrated notes

Levels and vault maps discovered:
D:1:      erik_arrival_orb_chamber, layout_basic, basic_ecumenical_altar,
          serial_shops, nicolae_shop_temple_entry_statues_fountains
D:2:      layout_basic, serial_shops, shop, nicolae_shop_advertising_works
          [nicolae_subvault_shop_adworks], nicolae_shop_trees, shop,
          nicolae_shop_trees
D:3:      gammafunk_wand_slinger, layout_rooms, dk_yredelemnul_ordeal,
          nicolae_qazlal_eye_of_the_storm, minmay_misc_feat_doors
D:4:      layout_basic, good_gods_temple_1, grunt_ministairs_8,
          nicolae_shop_overcharged_wands
D:5:      layout_layer_cave, general_overflow_altar,
          nemelex_xobeh_ov_fountains_minmay

Skill      XL: |  1  2  3  4  5  6 |
---------------+-------------------+-----
Transmutations | 2 |  2.8
Spellcasting   | 5 |  5.5
Invocations    | 1 2 |  2.5
Fighting       | 1 2 |  2.2
Short Blades   | 1 2 |  2.2
Long Blades    | 1 2 |  2.2
Axes           | 1 2 |  2.2
Maces & Flails | 1 2 |  2.2
Polearms       | 1 2 |  2.2
Staves         | 1 2 |  2.2
Ranged Weapons | 1 2 |  2.2
Throwing       | 1 2 |  2.2
Armour         | 1 2 |  2.2
Shields        | 1 2 |  2.2
Unarmed Combat | 1 2 |  2.2
Evocations     | 1 2 |  2.2
Conjurations   | 1 |  1.8
Hexes          | 1 |  1.8
Summonings     | 1 |  1.8
Necromancy     | 1 |  1.8
Translocations | 1 |  1.8
Fire Magic     | 1 |  1.8
Ice Magic      | 1 |  1.8
Air Magic      | 1 |  1.8
Earth Magic    | 1 |  1.8
Dodging        | 5 |  5.1
Stealth        | |  4.7
Poison Magic   | |  5.7

Action                   |  1- 3 |  4- 6 || total
-------------------------+-------+-------++-------
 Fire: Sling             |    35 |    89 ||   124
 Cast: Sting             |    33 |    22 ||    55
       Poisonous Vapours |    18 |    79 ||    97
       Olgreb's Toxic Ra |       |     3 ||     3
  Use: Scroll            |     3 |       ||     3
       Potion            |     1 |     1 ||     2
Armor: Robe              |     2 |    26 ||    28
Dodge: Dodged            |    22 |    90 ||   112

Table legend: (Time is in decaauts)
 A = Elapsed time spent in this place.
 B = Non-inter-level travel time spent in this place.
 C = Inter-level travel time spent in this place.
 D = Time resting spent in this place.
 E = Time spent auto-exploring this place.
 F = Levels seen in this place.
 G = Mean time per level.
                   A        B        C        D        E       F      G
               +--------+--------+--------+--------+--------+-----+--------+
         Total |   8488 |   8093 |    395 |   4951 |   2050 |   5 | 1697.6 |
       Dungeon |   8488 |   8093 |    395 |   4951 |   2050 |   5 | 1697.6 |
               +--------+--------+--------+--------+--------+-----+--------+

Top non-repeatable levels by time:
     D:4: 3863 daAuts
     D:2: 2261 daAuts
     D:3: 1254 daAuts
     D:1: 828 daAuts
     D:5: 281 daAuts
